AoeStats
← 玩印度的哥们硬不起来

Fortress

509612611Analyzed
2v2 RM · 5d ago on Sep 27, 2026· 22m 53s· 4 players
Game mode
Random Map
Map size
Normal (6 player)
Population
200
Speed
Normal
Resources
Standard
Victory
Conquest
Starting age
Dark Age
Ending age
Imperial Age
RankedLock teamsTeams togetherTeam positionsShared explorationLock speedFull tech treeHidden civsTurbo modeCheats
Victory
Defeat
1496
+20
🇨🇳 Romans · China
1426
+23
🇦🇷 Danes · Argentina
1652
-24
🇹🇼 Mongols · Taiwan
1528
-19
玩印度的哥们硬不起来
6:43 Feudal Age
6:25 Loom
7:07 Horse Collar
7:13 Double-Bit Axe
9:19 Wheelbarrow
8:29 Loom
11:17 Loom
13:32 Castle Age
14:39 Scale Mail Armor
14:59 Squires
15:15 Bow Saw
15:08 Heavy Plow
15:00 Gold Mining
16:52 Chain Mail Armor
16:35 Arson
18:24 Forging
喜足天
7:31 Feudal Age
11:08 Castle Age
9:21 Double-Bit Axe
9:52 Horse Collar
12:26 Wheelbarrow
15:43 Scale Barding Armor
16:40 Gold Mining
18:05 Bloodlines
19:13 Husbandry
20:38 Chain Barding Armor
20:59 Hand Cart
20:31 Loom
21:20 Forging
22:49 Light Cavalry
默默默默默
2:20 Loom
7:23 Feudal Age
7:24 Feudal Age
9:15 Wheelbarrow
8:48 Double-Bit Axe
8:59 Horse Collar
11:40 Castle Age
10:50 Gold Mining
12:53 Bow Saw
12:45 Heavy Plow
18:19 Scale Mail Armor
19:20 Chain Mail Armor
肉肉小狗
4:16 Loom
6:30 Feudal Age
10:19 Castle Age
8:18 Fletching
8:30 Double-Bit Axe
8:54 Horse Collar
9:06 Fletching
10:12 Gold Mining
11:13 Bow Saw
14:15 Bodkin Arrow
15:27 Loom
17:00 Padded Archer Armor
18:14 Leather Archer Armor
18:14 Bloodlines
19:00 Husbandry
Connection lost

Rejoining the realm…

Still unreachable

The connection could not be restored.

Session expired

The server has moved on; the page needs a fresh start.